 Dungeon Crawl Stone Soup version 0.29.1-15-g9cfb28693d (webtiles) character file.

Game seed: 9599839055001214654

1052 LLlMATKO the Chopper (level 8, -1/106 HPs)
             Began as a Minotaur Berserker on Apr 2, 2023.
             Was a Priest of Trog.
             Killed from afar by an orc wizard (8 damage)
             ... with a magic dart
             ... on level 5 of the Dungeon.
             The game lasted 00:03:55 (5657 turns).

LLlMATKO the Chopper (Minotaur Berserker)           Turns: 5657, Time: 00:03:55

Health: -1/106     AC:  7    Str: 24    XL:     8   Next: 5%
Magic:  7/7        EV: 12    Int:  4    God:    Trog [***...]
Gold:   323        SH:  0    Dex: 10    Spells: 7/7 levels left

rFire   . . .      SeeInvis .   y - +0 war axe
rCold   . . .      Faith    .   (no shield)
rNeg    . . .      Spirit   .   k - +0 ring mail
rPois   .          Reflect  .   (helmet restricted)
rElec   +          Harm     .   (no cloak)
rCorr   .          Rampage  .   q - +0 pair of gloves of a treasure trove {rElec}
Will    .....                   (no boots)
Stlth   ..........              (no amulet)
HPRegen 0.27/turn               (no ring)
MPRegen 0.10/turn               (no ring)

@: berserking, very quick
A: horns 2, retaliatory headbutt
a: Renounce Religion, Berserk, Trog's Hand


You were on level 5 of the Dungeon.
You worshipped Trog.
Trog was most pleased with you.
You visited 1 branch of the dungeon, and saw 5 of its levels.
You also visited: Sewer.

You collected 323 gold pieces.

Inventory:

Hand Weapons
 a - a +0 hand axe
 p - a +2 vorpal spear
 x - a +1 vorpal mace
 y - a +0 war axe (weapon)
Missiles
 f - 14 poisoned darts (quivered)
 v - 3 javelins
Armour
 k - a +0 ring mail (worn)
 q - the +0 pair of gloves of a treasure trove (worn) {rElec}
   (You found it on level 3 of the Dungeon)

   rElec:     It insulates you from electricity.
Jewellery
 l - an amulet of reflection
Scrolls
 b - 4 scrolls of teleportation {unknown}
 g - 2 scrolls of immolation {unknown}
 h - 7 scrolls of identify {unknown}
 i - 2 scrolls of fog {unknown}
 j - 2 scrolls of magic mapping {unknown}
 m - a scroll of poison {unknown}
 r - 2 scrolls of noise {unknown}
 s - a scroll of torment {unknown}
Potions
 c - 3 potions of heal wounds {unknown}
 d - 3 potions of attraction {unknown}
 e - a potion of brilliance {unknown}
 n - a potion of experience {unknown}
 o - a potion of magic {unknown}
 t - a potion of curing {unknown}
 u - a potion of haste {unknown}
 w - 2 potions of might {unknown}
 z - a potion of flight {unknown}
 A - 2 potions of berserk rage
 B - 3 potions of invisibility
 C - a potion of degeneration {unknown}


   Skills:
 + Level 6.6 Fighting
 + Level 6.6 Axes
 + Level 6.1 Armour
 + Level 5.5 Dodging


You had 7 spell levels left.
You didn't know any spells.
Your spell library was empty.

Dungeon Overview and Level Annotations

Branches:
Dungeon (5/15)              Sewer (visited)
 Temple: D:4-7

Altars:


Innate Abilities, Weirdness & Mutations

You have a pair of horns on your head.
You reflexively headbutt those who attack you in melee.


Message History

You kill the orc!
Trog accepts your kill.
You barely miss the white imp.
Unknown command.
You slash something! Your headbutt misses something.
You closely miss the white imp. The white imp gestures at you.
The puff of frost hits you.
* * * LOW HITPOINT WARNING * * *
The orc priest invokes the aid of Beogh against you.
Beogh smites you!
* * * LOW HITPOINT WARNING * * *
You hear some strange, mumbled words.
Something tries to affect you, but you resist.
You closely miss something. Your headbutt misses something.
You closely miss the orc. You hit the white imp.
You kill the white imp!
Trog accepts your kill. Something hits you but does no damage.
The orc hits you but does no damage.
Unknown command.
You miss something. You slash the orc!
You kill the orc!
Trog accepts your kill.
You completely miss the orc priest. Something hits you.
* * * LOW HITPOINT WARNING * * *
The orc priest calls down the wrath of Beogh upon you.
You struggle to resist.
You miss something. Your headbutt misses something. You slash the orc priest!
Unknown command.
You miss something. You slash the orc priest!
You feel the power of Trog in you as your rage grows.
You kill the orc priest!
Trog accepts your kill. Something hits you but does no damage.
Unknown command.
You closely miss something. Your headbutt misses something.
You hear some strange, mumbled words.
A magic dart appears from out of thin air!
The magic dart hits you!
You die...

......##..######..#
##................#
#.<..........#####
#....######..##..##
#....##..##..##...#
#....#.........)..#
#....#............+
#.....##..##..##...#
##....##'###..##@{##
#######......##))#
#.............#....
#.............#......
#.......))....#......#
##....##).##..##.....##
##....##.)###'##.....#
.......#.......#......
.......#.......#


There were no monsters in sight!

Vanquished Creatures
  A water moccasin (Sewer)
  2 ogres
  Blork the orc (D:4)
  2 necrophages
  A scorpion (D:3)
  4 orc priests
  An iguana (D:4)
  Natasha (thrice) (D:2)
  2 orc wizards (D:5)
  8 gnolls (D:5)
  8 adders
  A white imp (D:5)
  3 ufetubi (D:4)
  2 worms (D:2)
  4 dart slugs
  8 orcs
  13 bats
  5 endoplasms
  6 giant cockroaches
  5 goblins
  6 hobgoblins
  6 jackals
  3 kobolds
  A quokka (D:4)
  5 ball pythons
  6 frilled lizards
  3 rats
110 creatures vanquished.

Vanquished Creatures (others)
  5 plants (D:3)
5 creatures vanquished.

Grand Total: 115 creatures vanquished

Notes
Turn   | Place    | Note
-------+----------+-------------------------------------------
     0 | D:1      | LLlMATKO the Minotaur Berserker began the quest for the
                  | Orb.
     0 | D:1      | Reached XP level 1. HP: 19/19 MP: 0/0
   277 | D:1      | Reached XP level 2. HP: 27/27 MP: 1/1
   344 | D:1      | Found a faded altar of an unknown god.
   688 | D:1      | Reached ** piety under Trog
   966 | D:2      | Reached XP level 3. HP: 28/33 MP: 2/2
  1782 | D:2      | Reached XP level 4. HP: 39/40 MP: 3/3
  1805 | D:2      | Noticed Natasha
  1806 | D:2      | Killed Natasha
  1881 | D:2      | Noticed Natasha
  1892 | D:2      | Killed Natasha
  2573 | D:2      | Noticed Natasha
  2579 | D:2      | Killed Natasha
  2580 | D:2      | Reached XP level 5. HP: 42/47 MP: 4/4
  3141 | D:3      | Identified the +0 pair of gloves of a treasure trove
                  | {rElec}
  3842 | D:4      | Reached skill level 5 in Fighting
  3842 | D:4      | Reached skill level 5 in Axes
  3916 | D:4      | Reached *** piety under Trog
  3917 | D:4      | Reached XP level 6. HP: 30/56 MP: 5/5
  4182 | D:4      | Identified the +0 robe of the Jackalope {Str+4}
  4194 | D:4      | Noticed Blork the orc
  4204 | D:4      | Killed Blork the orc
  4372 | D:4      | Reached skill level 5 in Armour
  4372 | D:4      | Reached XP level 7. HP: 61/62 MP: 6/6
  4738 | D:5      | Entered Level 5 of the Dungeon
  4866 | D:5      | Found a glowing drain.
  4898 | D:5      | Reached skill level 5 in Dodging
  4925 | Sewer    | Entered a sewer
  5647 | D:5      | Reached XP level 8. HP: 34/71 MP: 7/7
  5657 | D:5      | Killed from afar by an orc wizard

Illustrated notes

Levels and vault maps discovered:
D:1:      mainiacjoe_arrival_reflecting_pool, layout_loops_ring,
          shapermc_ecumenical_altar_mp_urbaneastern, nrook_mini_backslash
D:2:      layout_basic, uniq_natasha
D:3:      layout_loops_ring, serial_bayou_lake_a
D:4:      layout_cave_pools, minmay_three_crescents, uniq_blork_the_orc
D:5:      layout_gridville, gup_sewer_entry_glass, uniq_sigmund

Skill      XL: |  1  2  3  4  5  6  7 |
---------------+----------------------+-----
Fighting       | 4 5 6 |  6.6
Axes           | 4 5 6 |  6.6
Armour         | 3 4 5 6 |  6.1
Dodging        | 3 4 5 |  5.5

Action                   |  1- 3 |  4- 6 |  7- 9 || total
-------------------------+-------+-------+-------++-------
Melee: Hand axe          |    69 |    86 |     1 ||   156
       Headbutt          |    15 |    19 |    10 ||    44
       Punch             |       |     1 |       ||     1
       War axe           |       |       |    70 ||    70
Invok: Berserk           |       |     1 |     3 ||     4
 Stab: Sleeping          |     1 |       |       ||     1
Armor: Animal skin       |     9 |       |       ||     9
       Ring mail         |    11 |    34 |    35 ||    80
Dodge: Dodged            |    42 |    71 |    52 ||   165
